| 
	| TOP OF THE 1ST | 
|---|
 
		| Hillsboro Hops batting - Pitching for West Virginia Black Bears : RHP Jason Kaufman |  
		| Pitching: RHP Jason Kaufman |  |  
		| Batting: RHB Jonathan Underhill | 0-0: Called Strike 0-1: Foul Ball, location: 2F
 0-2:  Fly out, F7  (Flyball, 78D, EV 108.1 MPH)
 |  
		| Batting: RHB Paul Healy | 0-0: Called Strike 0-1: Ball
 1-1: Foul Ball, location: 2F
 1-2: Ball
 2-2: Ball
 3-2: Ground out 6-3 (Groundball, 6, EV 91.9 MPH)
 |  
		| Batting: RHB Nikita Schram | 0-0:  Fly out, F9  (Line Drive, 9S, EV 93.1 MPH) |  
		| Top of the 1st over - 0 runs, 0 hits, 0 errors, 0 left on base; Hillsboro 0 - West Virginia 0 |  
	| BOTTOM OF THE 1ST | 
|---|
 
		| West Virginia Black Bears batting - Pitching for Hillsboro Hops : RHP Tom Moore |  
		| Pitching: RHP Tom Moore |  |  
		| Batting: SHB Don Hauk | 0-0: Ground out 5-3 (Groundball, 5, EV 103.8 MPH) |  
		| Batting: SHB Rob Haney | 0-0: Called Strike 0-1: Swinging Strike
 0-2:  Fly out, F9  (Flyball, 89S, EV 90.6 MPH)
 |  
		| Batting: SHB Yutaro Takahashi | 0-0: Ball 1-0: Ball
 2-0: Called Strike
 2-1: Ball
 3-1: Base on Balls
 |  
		| Batting: LHB Dave Cook | 0-0: Ball 1-0: Ball
 Yutaro Takahashi steals 2nd base
 2-0:  Fly out, F7  (Flyball, 7S, EV 88.1 MPH)
 |  
		| Bottom of the 1st over - 0 runs, 0 hits, 0 errors, 1 left on base; Hillsboro 0 - West Virginia 0 |  
	| TOP OF THE 2ND | 
|---|
 
		| Hillsboro Hops batting - Pitching for West Virginia Black Bears : RHP Jason Kaufman |  
		| Batting: LHB Tomohiro Yokoyama | 0-0: Ball 1-0: Foul Ball, location: 2F
 1-1: Ground out 6-3 (Groundball, 6, EV 100.6 MPH)
 |  
		| Batting: RHB T.J. Jordan | 0-0: Ball 1-0: Called Strike
 1-1: Swinging Strike
 1-2: Ball
 2-2: Strikes out swinging
 |  
		| Batting: LHB Ron Mills | 0-0: Called Strike 0-1: Ball
 1-1: Foul Ball, location: 2F
 1-2: Hit by Pitch
 |  
		| Batting: RHB Mike Swift | 0-0: Ball 1-0:  Fly out, F9  (Flyball, 9, EV 92.5 MPH)
 |  
		| Top of the 2nd over - 0 runs, 0 hits, 0 errors, 1 left on base; Hillsboro 0 - West Virginia 0 |  
	| BOTTOM OF THE 2ND | 
|---|
 
		| West Virginia Black Bears batting - Pitching for Hillsboro Hops : RHP Tom Moore |  
		| Batting: RHB Joe Bower | 0-0: Ball 1-0: Called Strike
 1-1: Swinging Strike
 1-2: Strikes out looking
 |  
		| Batting: RHB Mike Weeks | 0-0: Called Strike 0-1: Ground out 6-3 (Groundball, 56D, EV 89.4 MPH)
 |  
		| Batting: RHB Sam Voss | 0-0: Called Strike 0-1: Ball
 1-1: Ball
 2-1: Swinging Strike
 2-2: Strikes out swinging
 |  
		| Bottom of the 2nd over - 0 runs, 0 hits, 0 errors, 0 left on base; Hillsboro 0 - West Virginia 0 |  
	| TOP OF THE 3RD | 
|---|
 
		| Hillsboro Hops batting - Pitching for West Virginia Black Bears : RHP Jason Kaufman |  
		| Batting: RHB Devon Fourcade | 0-0: Ball 1-0: Ball
 2-0: Ground out 4-3 (Groundball, 4M, EV 86.2 MPH)
 |  
		| Batting: RHB Ryuki Ogasawara | 0-0: Ground out 6-3 (Groundball, 6S, EV 91.9 MPH) |  
		| Batting: RHB Jonathan Underhill | 0-0: Called Strike 0-1: SINGLE  (Groundball, 6M, EV 84.4 MPH) (infield hit)
 |  
		| Batting: RHB Paul Healy | 0-0: Ball 1-0: Called Strike
 1-1: Called Strike
 Jonathan Underhill steals 2nd base (no throw)
 1-2: Ball
 2-2: SINGLE  (Groundball, 4M, EV 82.5 MPH) (infield hit)
 Jonathan Underhill to third
 |  
		| Batting: RHB Nikita Schram | 0-0: Called Strike 0-1: Ball
 Paul Healy steals 2nd base
 1-1: Ball
 2-1: Swinging Strike
 2-2: Ball
 3-2: Foul Ball, location: 2F
 3-2: Base on Balls
 |  
		| Batting: LHB Tomohiro Yokoyama | 0-0: Ball 1-0: Ball
 2-0: Ball
 Wild Pitch!
 Jonathan Underhill scores
 Paul Healy to third
 Nikita Schram to second
 3-0: Called Strike
 3-1: Foul Ball, location: 2F
 3-2: Base on Balls
 |  
		| Batting: RHB T.J. Jordan | 0-0: Called Strike 0-1: Ball
 1-1: Ball
 2-1: Ball
 3-1: Called Strike
 3-2: Ground out 6-3 (Groundball, 6, EV 99.4 MPH)
 |  
		| Top of the 3rd over - 1 run, 2 hits, 0 errors, 3 left on base; Hillsboro 1 - West Virginia 0 |  
	| BOTTOM OF THE 3RD | 
|---|
 
		| West Virginia Black Bears batting - Pitching for Hillsboro Hops : RHP Tom Moore |  
		| Batting: RHB Erik Mulligan | 0-0: Foul Ball, location: 2F 0-1: Ball
 1-1: Ball
 2-1: Foul Ball, location: 2F
 2-2: Foul Ball, location: 2F
 2-2: Ball
 3-2: Base on Balls
 |  
		| Batting: LHB William Matthews | 0-0: Hit by Pitch Erik Mulligan to second
 |  
		| Batting: SHB Don Hauk | 0-0: Called Strike 0-1: Ball
 1-1: Foul Ball, location: 2F
 1-2: Strikes out swinging
 |  
		| Batting: SHB Rob Haney | 0-0: Foul Ball, location: 2F 0-1: Ball
 1-1: Ball
 2-1: Ball
 3-1: Foul Ball, location: 2F
 3-2: Strikes out swinging
 |  
		| Batting: SHB Yutaro Takahashi | 0-0: Ball 1-0:  3-RUN HOME RUN  (Flyball, 9LD, EV 96.9 MPH), Distance : 384 ft
 |  
		| Batting: LHB Dave Cook | 0-0: Ball 1-0: Called Strike
 1-1: Ball
 2-1: Ball
 3-1: Ground out 1-3 (Groundball, 13S, EV 73.1 MPH)
 |  
		| Bottom of the 3rd over - 3 runs, 1 hit, 0 errors, 0 left on base; Hillsboro 1 - West Virginia 3 |  
	| TOP OF THE 4TH | 
|---|
 
		| Hillsboro Hops batting - Pitching for West Virginia Black Bears : RHP Jason Kaufman |  
		| Batting: LHB Ron Mills | 0-0: Ball 1-0: Called Strike
 1-1: Ground out 6-3 (Groundball, 4M, EV 85.6 MPH)
 |  
		| Batting: RHB Mike Swift | 0-0: Ball 1-0:  Fly out, F9  (Line Drive, 89M, EV 96.2 MPH)
 |  
		| Batting: RHB Devon Fourcade | 0-0:  Fly out, F7  (Flyball, 7LM, EV 78.1 MPH) |  
		| Top of the 4th over - 0 runs, 0 hits, 0 errors, 0 left on base; Hillsboro 1 - West Virginia 3 |  
	| BOTTOM OF THE 4TH | 
|---|
 
		| West Virginia Black Bears batting - Pitching for Hillsboro Hops : RHP Tom Moore |  
		| Batting: RHB Joe Bower | 0-0: Swinging Strike 0-1: DOUBLE  (Line Drive, 89D, EV 111.2 MPH)
 |  
		| Batting: RHB Mike Weeks | 0-0: Ball 1-0: Ball
 2-0: Foul Ball, location: 2F
 2-1: Foul Ball, location: 2F
 2-2: Strikes out swinging, 2-3 out at first.
 |  
		| Batting: RHB Sam Voss | 0-0: Ground out 6-3 (Groundball, 6, EV 92.5 MPH) |  
		| Batting: RHB Erik Mulligan | Balk! Joe Bower to third
 0-0: Called Strike
 0-1: Ball
 1-1: Swinging Strike
 1-2: Strikes out swinging
 |  
		| Bottom of the 4th over - 0 runs, 1 hit, 0 errors, 1 left on base; Hillsboro 1 - West Virginia 3 |  
	| TOP OF THE 5TH | 
|---|
 
		| Hillsboro Hops batting - Pitching for West Virginia Black Bears : RHP Jason Kaufman |  
		| Batting: RHB Ryuki Ogasawara | 0-0: Ground out U3 (Groundball, 3, EV 105.6 MPH) |  
		| Batting: RHB Jonathan Underhill | 0-0: Ball 1-0: Called Strike
 1-1: Ball
 2-1: Foul Ball, location: 2F
 2-2: SINGLE  (Line Drive, 5D, EV 106.9 MPH)
 |  
		| Batting: RHB Paul Healy | 0-0: Ball Jonathan Underhill steals 2nd base
 1-0: SINGLE  (Line Drive, 9S, EV 107.5 MPH)
 Jonathan Underhill to third
 |  
		| Batting: RHB Nikita Schram | 0-0: Ball 1-0: Ball
 2-0: Called Strike
 2-1: DOUBLE  (Line Drive, 7LM, EV 100.0 MPH)
 Jonathan Underhill scores
 Paul Healy to third
 |  
		| Batting: LHB Tomohiro Yokoyama | 0-0: Ball 1-0: Foul Ball, location: 2F
 1-1: Ground out 1-3 (Groundball, P, EV 68.8 MPH)
 |  
		| Batting: RHB T.J. Jordan | 0-0: Ball 1-0: Swinging Strike
 1-1: Foul Ball, location: 2F
 1-2: Foul Ball, location: 2F
 1-2: Strikes out looking
 |  
		| Top of the 5th over - 1 run, 3 hits, 0 errors, 2 left on base; Hillsboro 2 - West Virginia 3 |  
	| BOTTOM OF THE 5TH | 
|---|
 
		| West Virginia Black Bears batting - Pitching for Hillsboro Hops : RHP Tom Moore |  
		| Batting: LHB William Matthews | 0-0:  Fly out, F8  (Line Drive, 8LD, EV 94.4 MPH) |  
		| Batting: SHB Don Hauk | 0-0: Ball 1-0: Foul Ball, location: 2F
 1-1: Ball
 2-1: Foul Ball, location: 2F
 2-2: Foul Ball, location: 2F
 2-2: Ground out 4-3 (Groundball, 4, EV 79.4 MPH)
 |  
		| Batting: SHB Rob Haney | 0-0: Ball 1-0: Called Strike
 1-1: SINGLE  (Line Drive, 89M, EV 108.8 MPH)
 |  
		| Batting: SHB Yutaro Takahashi | 0-0: Called Strike 0-1: Ball
 Rob Haney is caught stealing 2nd base 2-6
 |  
		| Bottom of the 5th over - 0 runs, 1 hit, 0 errors, 0 left on base; Hillsboro 2 - West Virginia 3 |  
	| TOP OF THE 6TH | 
|---|
 
		| Hillsboro Hops batting - Pitching for West Virginia Black Bears : RHP Jason Kaufman |  
		| Pitching: LHP Juan Hernandez |  |  
		| Pinch Hitting: RHB John Parra | 0-0: Ball 1-0: Ball
 2-0: Foul Ball, location: 2F
 2-1: Ball
 3-1: Called Strike
 3-2: Foul Ball, location: 2F
 3-2: Foul Ball, location: 2F
 3-2: Foul Ball, location: 2F
 3-2: Strikes out swinging
 |  
		| Batting: RHB Mike Swift | 0-0: Ball 1-0: Called Strike
 1-1: Ball
 2-1: SINGLE  (Groundball, 34D, EV 99.4 MPH)
 |  
		| Batting: RHB Devon Fourcade | 0-0: Ball 1-0: Ball
 2-0: Foul Ball, location: 2F
 2-1: Ball
 3-1: Foul Ball, location: 2F
 3-2: Base on Balls
 Mike Swift to second
 |  
		| Batting: RHB Ryuki Ogasawara | 0-0: Foul Ball, location: 2F 0-1: Ball
 1-1: Swinging Strike
 1-2: Ball
 2-2: Foul Ball, location: 2F
 2-2: Foul Ball, location: 2F
 2-2: Strikes out swinging
 |  
		| Pitching: RHP Pat Hall |  |  
		| Batting: RHB Jonathan Underhill | 0-0: Ball 1-0: Ball
 2-0: Swinging Strike
 2-1: Ball
 3-1: Fielders Choice at 2nd, 6-4 (Groundball, 6, EV 107.5 MPH)
 |  
		| Top of the 6th over - 0 runs, 1 hit, 0 errors, 2 left on base; Hillsboro 2 - West Virginia 3 |  
	| BOTTOM OF THE 6TH | 
|---|
 
		| West Virginia Black Bears batting - Pitching for Hillsboro Hops : RHP Tom Moore |  
		| Now in RF: Dale Young |  |  
		| Batting: SHB Yutaro Takahashi | 0-0: Ground out U3 (Groundball, 34, EV 101.2 MPH) |  
		| Batting: LHB Dave Cook | 0-0: Ball 1-0: Ball
 2-0: Ball
 3-0: Base on Balls
 |  
		| Batting: RHB Joe Bower | 0-0: Swinging Strike 0-1: Foul Ball, location: 2F
 0-2: Grounds into double play, 5-4-3 (Groundball, 56S, EV 85.0 MPH)
 |  
		| Bottom of the 6th over - 0 runs, 0 hits, 0 errors, 0 left on base; Hillsboro 2 - West Virginia 3 |  
	| TOP OF THE 7TH | 
|---|
 
		| Hillsboro Hops batting - Pitching for West Virginia Black Bears : RHP Pat Hall |  
		| Now in RF: Jesse Haught |  |  
		| Batting: RHB Paul Healy | 0-0: Ball 1-0: Ball
 2-0: Called Strike
 2-1: Called Strike
 2-2: Ball
 3-2: Base on Balls
 |  
		| Batting: RHB Nikita Schram | 0-0: Ball Paul Healy steals 2nd base
 1-0: Swinging Strike
 1-1: Called Strike
 1-2: Ball
 2-2: Foul Ball, location: 2F
 2-2: Strikes out swinging
 |  
		| Batting: LHB Tomohiro Yokoyama | 0-0: Called Strike 0-1:  Fly out, F7  (Line Drive, 7, EV 93.8 MPH)
 |  
		| Pitching: RHP Serguei Rudakovsky |  |  
		| Batting: RHB T.J. Jordan | 0-0: Ball 1-0: Ball
 2-0:  Fly out, F8  (Flyball, 8RXD, EV 94.4 MPH)
 |  
		| Top of the 7th over - 0 runs, 0 hits, 0 errors, 1 left on base; Hillsboro 2 - West Virginia 3 |  
	| BOTTOM OF THE 7TH | 
|---|
 
		| West Virginia Black Bears batting - Pitching for Hillsboro Hops : RHP Tom Moore |  
		| Batting: RHB Mike Weeks | 0-0: Swinging Strike 0-1: Ball
 1-1: Swinging Strike
 1-2: Strikes out looking
 |  
		| Batting: RHB Sam Voss | 0-0: Ball 1-0: Ball
 2-0: Called Strike
 2-1: Called Strike
 2-2: Ball
 3-2: Ground out 6-3 (Groundball, 6M, EV 85.0 MPH)
 |  
		| Batting: RHB Erik Mulligan | 0-0: Ball 1-0: Ball
 2-0: Ball
 3-0: Base on Balls
 |  
		| Pitching: LHP Sam Davis |  |  
		| Batting: LHB William Matthews | 0-0: Ball 1-0: Called Strike
 1-1: Foul Ball, location: 2F
 1-2: Foul Ball, location: 2F
 1-2: Strikes out swinging
 |  
		| Bottom of the 7th over - 0 runs, 0 hits, 0 errors, 1 left on base; Hillsboro 2 - West Virginia 3 |  
	| TOP OF THE 8TH | 
|---|
 
		| Hillsboro Hops batting - Pitching for West Virginia Black Bears : RHP Serguei Rudakovsky |  
		| Batting: RHB Dale Young | 0-0: Ball 1-0: Called Strike
 1-1: Ground out 6-3 (Groundball, 6S, EV 86.2 MPH)
 |  
		| Batting: LHB Dana McDonald | 0-0: Called Strike 0-1: Ball
 1-1: Foul Ball, location: 2F
 1-2: Strikes out swinging
 |  
		| Batting: RHB Devon Fourcade | 0-0: Ball 1-0: Ground out 6-3 (Groundball, 6, EV 105.6 MPH)
 |  
		| Top of the 8th over - 0 runs, 0 hits, 0 errors, 0 left on base; Hillsboro 2 - West Virginia 3 |  
	| BOTTOM OF THE 8TH | 
|---|
 
		| West Virginia Black Bears batting - Pitching for Hillsboro Hops : LHP Sam Davis |  
		| Batting: SHB Don Hauk | 0-0: Ball 1-0: Ball
 2-0: Foul Ball, location: 2F
 2-1: Ball
 3-1: Base on Balls
 |  
		| Batting: SHB Rob Haney | 0-0: Called Strike 0-1: Sac Bunt to 23 - play at first, batter OUT! 3-4
 Don Hauk to second
 |  
		| Batting: SHB Yutaro Takahashi | 0-0: Intentional Walk |  
		| Batting: RHB Chris Arroyo | 0-0: Called Strike 0-1: Ball
 1-1: Foul Ball, location: 2F
 1-2: Strikes out looking
 |  
		| Batting: LHB Jesse Haught | 0-0: Called Strike 0-1: Foul Ball, location: 2F
 0-2: Ball
 1-2: Strikes out swinging
 |  
		| Bottom of the 8th over - 0 runs, 0 hits, 0 errors, 2 left on base; Hillsboro 2 - West Virginia 3 |  
	| TOP OF THE 9TH | 
|---|
 
		| Hillsboro Hops batting - Pitching for West Virginia Black Bears : RHP Serguei Rudakovsky |  
		| Pitching: RHP Francisco Santos |  |  
		| Pinch Hitting: LHB Josh Thomas | 0-0: Ball 1-0: Ball
 2-0: Ball
 3-0: Base on Balls
 |  
		| Pinch Hitting: SHB Bob Dixon | 0-0: Ball 1-0: Foul Ball, location: 2F
 1-1: Grounds into double play, 5-4-3 (Groundball, 5, EV 101.9 MPH)
 |  
		| Batting: RHB Paul Healy | 0-0: Called Strike 0-1: Ball
 1-1: Foul Ball, location: 2F
 1-2: Strikes out looking
 |  
		| Top of the 9th over - 0 runs, 0 hits, 0 errors, 0 left on base; Hillsboro 2 - West Virginia 3 |  |